 Dungeon Crawl Stone Soup version 0.20.1-1-g8b1a95d (webtiles) character file.

240 potam12345 the Magician (level 5, -1/28 HPs)
             Began as a Deep Elf Ice Elementalist on July 17, 2017.
             Slain by a gnoll
             ... wielding a +0 club
              (4 damage)
             ... on level 3 of the Dungeon.
             The game lasted 00:21:01 (3088 turns).

potam12345 the Magician (Deep Elf Ice Elementalist) Turns: 3088, Time: 00:21:02

Health: -1/28      AC:  3    Str:  5    XL:     5   Next: 80%
Magic:  1/14       EV: 11    Int: 26    God:
Gold:   200        SH:  3    Dex: 15    Spells: 5/14 levels left

rFire    . . .     SeeInvis .   g - +0 short sword
rCold    . . .     Gourm    .   k - +0 buckler
rNeg     . . .     Faith    .   r - +0 leather armour
rPois    .         Spirit   .   (no helmet)
rElec    .         Reflect  .   (no cloak)
rCorr    .         Harm     .   (no gloves)
MR       .....                  (no boots)
Stlth    ++........             e - amulet of regeneration
Regen    0.5/turn               (no ring)
MPRegen  0.2/turn               (no ring)

@: brilliant, flying, very slightly contaminated
A: no striking features
a: no special abilities


You were on level 3 of the Dungeon.
You were not hungry.

You visited 1 branch of the dungeon, and saw 3 of its levels.

You collected 200 gold pieces.

Inventory:

Hand Weapons
 g - a +0 short sword (weapon)
Armour
 a - a +0 robe
 k - a +0 buckler (worn)
 r - a +0 leather armour (worn)
 s - a +0 robe
 u - a +0 robe
Jewellery
 e - an amulet of regeneration (around neck)
Wands
 v - a wand of digging (17/24)
Scrolls
 f - a scroll of remove curse
 h - a scroll of recharging {unknown}
 i - 3 scrolls of teleportation {unknown}
 n - a scroll of amnesia
 p - a scroll of enchant armour {unknown}
 w - a scroll of fog {unknown}
 z - a scroll of noise {unknown}
 A - a scroll of magic mapping {unknown}
Potions
 j - a potion of agility {unknown}
 o - a potion of magic {unknown}
 t - a potion of brilliance
 x - a potion of might {unknown}
Books
 b - a book of Frost

   Spells                             Type                      Level
   a - Freeze                         Ice                          1
   b - Throw Frost                    Conjuration/Ice              2
   c - Ozocubu's Armour               Charms/Ice                   3
   d - Throw Icicle                   Conjuration/Ice              4
   e - Summon Ice Beast               Ice/Summoning                4
 y - a book of Maledictions

   Spells                             Type                      Level
   a - Corona                         Hexes                        1
   b - Ensorcelled Hibernation        Hexes/Ice                    2
   c - Confuse                        Hexes                        3
   d - Tukima's Dance                 Hexes                        3
   e - Dazzling Spray                 Conjuration/Hexes            3
Comestibles
 c - a royal jelly
 d - 2 bread rations
 m - 3 meat rations


   Skills:
 + Level 0.1 Fighting
 + Level 0.8 Short Blades
 + Level 0.7 Armour
 + Level 3.0 Dodging
 + Level 3.0 Stealth
 + Level 5.3 Spellcasting
 + Level 1.8 Conjurations
 + Level 5.0 Ice Magic


You had 5 spell levels left.
You knew the following spells:

 Your Spells              Type           Power        Failure   Level  Hunger
a - Freeze                Ice            ####         1%          1    None
b - Throw Frost           Conj/Ice       #####.       1%          2    None
c - Throw Icicle          Conj/Ice       #####...     6%          4    ###....
d - Ensorcelled Hibernat  Hex/Ice        #####.       1%          2    None


Dungeon Overview and Level Annotations

Branches:
Dungeon (3/15)

Altars:
Dithmenos
Yredelemnul
Zin
The Shining One

Annotations:
D:3 Sigmund


Message History

You freeze the orc.
You kill the orc!
You hit the hobgoblin.
The hobgoblin is almost dead.
You block the hobgoblin's attack.
You hit the hobgoblin.
You kill the hobgoblin!
You hit the gnoll but do no damage. The gnoll barely misses you.
The gnoll hits you with a club.
You barely miss the gnoll. The gnoll hits you with a club!
The gnoll hits you from afar with a halberd.
There are monsters nearby!
It was a potion of brilliance.
You feel clever all of a sudden. The gnoll hits you but does no damage.
The gnoll hits you from afar with a halberd!
* * * LOW HITPOINT WARNING * * *
You feel very buoyant.
You fly up into the air.
The gnoll hits you with a club.
You die... #.......# #.# ### .......##### #.###.. ......#...# #.....# .....#...# #.##### gg.

#...# #§§.... #o###...#
#§§###. #g#.<...#
##§####
#g#.#...####§§§###
##@..#...#.#§#§#§##
#....#####.§§§§§§§§
#.##.# #.#.#§#§#§
#.##.#####.##§§§###
#.##...##..###.##
##.####.##.###..#
####### #..# #.##.....##
#.....####.##
##.....####
#..........####......###


You could see 3 gnolls, an orc and a goblin.

Vanquished Creatures
  A gnoll shaman (D:3)
  An iguana (D:3)
  An orc wizard (D:3)
  Robin (D:3)
  4 adders
  3 oozes
  2 worms (D:2)
  2 dart slugs (D:1)
  2 leopard geckos (D:1)
  5 orcs (D:3)
  3 ball pythons
  8 bats
  2 giant cockroaches
  18 goblins
  11 hobgoblins
  7 jackals
  5 frilled lizards
  4 kobolds
  7 rats
87 creatures vanquished.

Vanquished Creatures (others)
  An adder (D:3)
  A goblin (D:1)
  A kobold (D:1)
3 creatures vanquished.

Grand Total: 90 creatures vanquished

Notes
Turn   | Place    | Note
-------+----------+-------------------------------------------
     0 | D:1      | potam12345 the Deep Elf Ice Elementalist began the quest for the Orb.
     0 | D:1      | Reached XP level 1. HP: 10/10 MP: 6/6
   460 | D:1      | Reached XP level 2. HP: 10/15 MP: 5/8
   496 | D:1      | Learned a level 2 spell: Throw Frost
   856 | D:1      | Reached XP level 3. HP: 19/19 MP: 0/10
  1329 | D:2      | Found a basalt altar of Yredelemnul.
  1551 | D:2      | Found a glowing golden altar of the Shining One.
  1761 | D:2      | Reached XP level 4. HP: 23/24 MP: 2/12
  2103 | D:2      | Found a glowing silver altar of Zin.
  2259 | D:3      | Learned a level 4 spell: Throw Icicle
  2262 | D:3      | Learned a level 2 spell: Ensorcelled Hibernation
  2458 | D:3      | Found a shadowy altar of Dithmenos.
  2460 | D:3      | Reached XP level 5. HP: 25/28 MP: 9/14
  2548 | D:3      | Noticed Robin
  2579 | D:3      | Killed Robin
  2582 | D:3      | Reached skill level 5 in Spellcasting
  2813 | D:3      | Noticed Sigmund
  3078 | D:3      | Reached skill level 5 in Ice Magic
  3088 | D:3      | Slain by a gnoll

Skill      XL: |  1  2  3  4  5 |
---------------+----------------+-----
Ice Magic      | 4 5 |  5.0
Spellcasting   | 4 5 |  5.3
Dodging        | 3 |  3.0
Stealth        | 3 |  3.0
Fighting       | |  0.1
Short Blades   | |  0.8
Armour         | |  0.7
Conjurations   | |  1.8

Action                   |  1- 3 |  4- 6 || total
-------------------------+-------+-------++-------
Melee: Short sword       |    12 |    66 ||    78
 Cast: Freeze            |    33 |    38 ||    71
       Throw Frost       |    35 |    35 ||    70
       Ensorcelled Hiber |       |     3 ||     3
  Use: Scroll            |     1 |     2 ||     3
       Potion            |     1 |     6 ||     7
 Stab: Invisible         |       |     2 ||     2
  Eat: Bread ration      |     1 |       ||     1
       Meat ration       |       |     1 ||     1
Armor: Leather armour    |     7 |    13 ||    20
Dodge: Dodged            |    14 |    24 ||    38
Block: Buckler           |     4 |    11 ||    15
